 Dungeon Crawl Stone Soup version 0.25.0-9-g26727b657a (webtiles) character file.

Game seed: 5534922222471556856

57494 Dani the Fighter (level 13, -17/66 HPs)
             Began as a Felid Abyssal Knight on June 21, 2020.
             Was the Champion of Dithmenos.
             Killed from afar by a deep elf knight (44 damage)
             ... with a stone arrow
             ... led by an ironheart preserver
             ... on level 13 of the Dungeon.
             The game lasted 02:55:36 (31492 turns).

Dani the Fighter (Felid Abyssal Knight)            Turns: 31492, Time: 02:55:36

Health: -17/66     AC:  7    Str: 10    XL:     13   Next: 96%
Magic:  24/24      EV: 32    Int: 15    God:    Dithmenos [******]
Gold:   417        SH:  0    Dex: 17    Spells: 17/25 levels left
                                        Lives:  0   Deaths: 4

rFire    . . .     SeeInvis +     - Unarmed
rCold    + . .     Gourm    .   (shield unavailable)
rNeg     . . .     Faith    .   (armour unavailable)
rPois    .         Spirit   .   (helmet unavailable)
rElec    .         Reflect  .   (cloak unavailable)
rCorr    .         Harm     .   (gloves unavailable)
MR       +....                  (boots unavailable)
Stlth    +++++++++.             e - amulet of regeneration
HPRegen  0.61/turn              x - +4 ring of evasion
MPRegen  0.19/turn              k - +4 ring of protection

@: wreathed by umbra, quick
A: very small, no armour, no weapons or thrown items, stealth, claws 1, fangs 3,
see invisible, carnivore, clever 1, speed 1, shaggy fur 3, slow metabolism 1,
weak 1, no potion heal 1, MP-powered wands, sharp paws
}: 1/15 runes: abyssal
a: Shadow Step, Shadow Form, Renounce Religion


You were on level 13 of the Dungeon.
You worshipped Dithmenos.
Dithmenos was exalted by your worship.
You were full.

You visited 5 branches of the dungeon, and saw 24 of its levels.
You visited the Abyss 8 times.

You collected 2183 gold pieces.
You spent 1766 gold pieces at shops.

Inventory:

Jewellery
 e - an amulet of regeneration (around neck)
 f - an uncursed ring of wizardry
 i - an uncursed ring of wizardry
 k - a +4 ring of protection (right paw)
 s - an uncursed ring of resist corrosion
 x - a +4 ring of evasion (left paw)
 y - an uncursed ring of flight
 z - an uncursed ring of ice
Wands
 c - a wand of digging (7)
 d - a wand of polymorph (7)
 t - a wand of acid (9)
Scrolls
 g - 4 scrolls of teleportation
 j - 11 scrolls of remove curse
 B - a scroll of noise
 C - a scroll of magic mapping
 D - 2 scrolls of identify
 E - 2 scrolls of amnesia
Potions
 b - 2 potions of stabbing
 h - a potion of magic
 l - a potion of cancellation
 n - 3 potions of haste
 o - 8 potions of curing
 p - 3 potions of mutation
 r - 3 potions of might
 u - 2 potions of brilliance
 v - a potion of berserk rage
 w - 2 potions of flight
 A - 2 potions of ambrosia
Miscellaneous
 q - a phial of floods (inert)
 F - a lightning rod (4/4)
Comestibles
 a - 32 rations


   Skills:
 - Level 13.0 Fighting
 - Level 12.4 Dodging
 - Level 12.5 Stealth
 - Level 13.0 Unarmed Combat
 + Level 6.9 Spellcasting
 + Level 4.3 Transmutations
 + Level 3.6 Earth Magic
 - Level 6.0 Invocations
 - Level 8.1 Evocations


You had 17 spell levels left.
You knew the following spells:

 Your Spells              Type           Power        Failure   Level  Hunger
a - Summon Butterflies    Summ           #.......     14%         1    None
b - Apportation           Tloc           #.....       14%         1    None
c - Statue Form           Tmut/Erth      ###......    99%         6    #######

Your spell library contained the following spells:

 Spells                   Type           Power        Failure   Level  Hunger
 Animate Skeleton         Necr           N/A          14%         1    None
 Corona                   Hex            #......      14%         1    None
 Summon Small Mammal      Summ           #...         14%         1    None
 Stone Arrow              Conj/Erth      ##....       19%         3    ##.....
 Corpse Rot               Necr/Air       N/A          21%         2    None
 Sublimation of Blood     Necr           #.........   21%         2    None
 Petrify                  Tmut/Erth      ###.....     26%         4    ####...
 Confusing Touch          Hex            #.......     38%         3    ##.....
 Gell's Gravitas          Tloc           #.........   38%         3    ##.....
 Lesser Beckoning         Tloc           #.........   38%         3    ##.....
 Tukima's Dance           Hex            #.......     38%         3    ##.....
 Leda's Liquefaction      Hex/Erth       ##........   54%         4    ####...
 Dispel Undead            Necr           #.......     80%         4    ####...
 Alistair's Intoxication  Tmut/Pois      ##......     83%         5    #####..
 Yara's Violent Unravell  Hex/Tmut       ##........   83%         5    #####..
 Bolt of Magma            Conj/Fire/Erth #.........   92%         5    #####..
 Agony                    Necr           #.......     98%         5    #####..
 Iskenderun's Battlesphe  Conj/Chrm      #.......     98%         5    #####..
 Metabolic Englaciation   Hex/Ice        #.........   98%         5    #####..
 Summon Forest            Summ/Tloc      #.........   98%         5    #####..
 Hydra Form               Tmut           ###.......   98%         6    #######
 Eringya's Noxious Bog    Tmut/Pois      ##........   100%        6    #######
 Invisibility             Hex            #.......     100%        6    #######
 Iron Shot                Conj/Erth      ##........   100%        6    #######
 Orb of Destruction       Conj           #.........   100%        7    #######
 Spellforged Servitor     Conj/Summ      #.........   100%        7    #######
 Summon Hydra             Summ           #.........   100%        7    #######
 Shatter                  Erth           ###.......   100%        9    #######
 Excruciating Wounds      Chrm/Necr      Unusable     N/A         5    N/A

Dungeon Overview and Level Annotations

Branches:
Dungeon (15/15)            Temple (1/1) D:7            Lair (5/6) D:11
 Shoals (0/4) Lair:3       Spider (0/4) Lair:4          Orc (2/2) D:9
    Elf (0/3) Orc:2        Vaults (1/5) D:13
  Slime: Lair:5-6    Depths: D:15

Altars:
Ashenzari
Cheibriados
Dithmenos
Elyvilon
Fedhas
Gozag
Hepliaklqana
Kikubaaqudgha
Makhleb
Nemelex Xobeh
Okawaru
Qazlal
Ru
Sif Muna
Trog
Uskayaw
Vehumet
Wu Jian
Xom
Yredelemnul
Zin
The Shining One
Beogh

Shops:
D:5 [   Orc:2 :(!!

Portals:
Abyss: Lair:4

Annotations:
Lair:3 Gastronok; Urug
Lair:4 2 transporters, 1 exclusion, Laummuim's ghost, journeyman FeFi


Innate Abilities, Weirdness & Mutations

You cannot wear armour.
You are incapable of wielding weapons or throwing items.
Your paws allow you to move quietly. (Stealth)
You have sharp claws.
You have razor-sharp teeth.
You have supernaturally acute eyesight. (SInv)
You are carnivorous and can eat meat at any time.
You cover ground quickly.
Your thick and shaggy fur keeps you warm. (AC +3, rC+)
You have a slow metabolism.
Your sharp claws are effective at attacking unaware monsters.
Your mind is acute. (Int +2)
You are weak. (Str -2)
Potions are less effective at restoring your health.
You expend magic power (3 MP) to strengthen your wands.


Message History

The deep elf knight is heavily wounded.
You miss the deep elf knight.
The deep elf knight is heavily wounded.
Your shadow hits the deep elf knight.
The deep elf knight hits you with a +3 short sword!
Evoke which item? (* to show all) (? for menu, Esc to quit)
Aim the phial where?
Press: ? - help, Shift-Dir - straight line, f - deep elf knight
Aim: a deep elf knight, wielding a +3 short sword (heavily wounded, umbra)
The torrent of water misses the deep elf knight.
The wave splashes down.
Splash!
You fall into the shallow water.
Moving in this stuff is going to be slow.
The deep elf knight misses you.
The deep elf knight completely misses you.
The deep elf knight gestures at you while chanting.
The stone arrow hits you!!!
Ouch! That really hurt!
You die...

§#..#..........###.........#.'...
§§[##............#.........#.#...
§####...####.####)....>....'.#...
## ##### #.# ##.........###...
#.# #.........# #... #.#
#####'##### #### ##.## ###.# #
#####≈≈≈######...# #
#...≈≈∩e≈.@.##.### # ##
###.###≈≈≈###.##.##### #
.####...# ##.## #........########
....#...# #.# ###......#......'
###.'...# #.# #........#.######
###...# #.# *##......#.# #
#...####.# #........# #
#........# #......### #
####'##### ####.### #


You could see a deep elf knight.

Vanquished Creatures
  An orc warlord (Orc:1)
  8 vault guards
  4 hydras
  Harold (D:8)
  Fannar (D:11)
  Erica (Lair:2)
  A centaur warrior (D:13)
  A death knight (D:14)
  5 two-headed ogres
  9 thrashing horrors
  4 orc high priests (Orc:2)
  2 wretched stars
  A phantasmal warrior (D:14)
  An orc knight (Orc:1)
  Pikel (D:7)
  An ugly thing (D:13)
  4 orc sorcerers
  A manticore (D:11)
  Maurice (Orc:1)
  6 black mambas
  A merfolk siren (Lair:3)
  Maggie (D:7)
  7 spiny frogs
  A freezing wraith (D:14)
  2 centaur skeletons
  4 komodo dragons
  2 rime drakes (Lair:5)
  5 kobold demonologists
  A tengu conjurer (D:11)
  3 polar bears
  A queen bee (D:11)
  8 trolls
  A merfolk (Lair:3)
  2 ancient zymes
  6 slime creatures (D:12)
  4 blink frogs
  3 hornets
  7 hippogriffs
  A shadow (D:12)
  A spriggan (D:7)
  31 yaks
  9 large abominations
  3 wyverns
  3 basilisks
  2 wraiths (D:14)
  4 wargs (Orc:1)
  9 porcupines
  20 orc warriors
  15 water moccasins
  A sky beast (D:8)
  4 ice beasts
  2 eyes of draining (D:11)
  2 phantoms (D:14)
  2 black bears (D:11)
  A necrophage (D:8)
  12 centaurs
  7 ogres
  8 wolves
  14 crocodiles
  16 bullfrogs
  2 big kobolds (D:14)
  9 small abominations
  2 scorpions
  75 killer bees
  2 wights (D:11)
  4 howler monkeys
  8 crimson imps
  3 bullfrog zombies
  3 centaur zombies
  7 starcursed masses (Lair:2)
  3 hounds
  4 jellies
  A quasit (D:8)
  38 orc priests
  2 bullfrog skeletons
  3 iguanas
  9 worker ants
  35 orc wizards
  2 hound zombies (D:7)
  A hound skeleton (D:5)
  2 worker ant zombies (D:11)
  A howler monkey skeleton (D:7)
  9 adders
  6 shadow imps
  3 white imps (Lair:4)
  2 oozes (D:3)
  3 adder skeletons
  2 worms (D:3)
  2 dart slugs
  5 leopard geckos
  84 orcs
  11 giant cockroaches
  10 goblins
  3 hobgoblins (D:1)
  9 jackals
  3 quokkas
  2 ball pythons (D:3)
  10 bats
  5 frilled lizards
  2 jackal skeletons (D:7)
  15 kobolds
  5 rats
687 creatures vanquished.

Vanquished Creatures (others)
  A killer bee (D:10)
  An orc priest (Orc:2)
  A kobold (D:14)
  A bush (Lair:2)
  23 fungi
  20 plants
47 creatures vanquished.

Grand Total: 734 creatures vanquished

Notes
Turn   | Place    | Note
-------+----------+-------------------------------------------
     0 | Abyss:1  | Dani the Felid Abyssal Knight began the quest for the Orb.
     0 | Abyss:1  | Reached XP level 1. HP: 10/10 MP: 3/3
     8 | D:1      | Escaped the Abyss
   312 | D:1      | Reached XP level 2. HP: 9/14 MP: 4/4
   862 | D:1      | Reached ** piety under Lugonu
  1107 | D:1      | Reached XP level 3. HP: 17/17 MP: 5/5
  1275 | D:2      | Found a stormy altar of Qazlal.
  1308 | D:2      | Reached skill level 1 in Stealth
  1829 | D:2      | Reached XP level 4. HP: 18/22 MP: 6/6
  2239 | D:3      | Reached *** piety under Lugonu
  2349 | D:3      | Reached XP level 5. HP: 24/25 MP: 7/7
  2852 | D:4      | Slain by a bullfrog
  2853 | D:4      | Reached XP level 4. HP: 0/22 MP: 6/6
  2882 | D:4      | Killed a bullfrog
  2882 | D:4      | Reached skill level 1 in Evocations
  2882 | D:4      | Reached XP level 5. HP: 18/25 MP: 7/7
  2915 | D:4      | You fall into a shaft and drop 3 floors!
  3066 | D:7      | Found a staircase to the Ecumenical Temple.
  3456 | D:6      | Gained mutation: You are covered in thick fur. (AC +2)
                  | [Felid growth]
  3456 | D:6      | Reached XP level 6. HP: 15/29 MP: 8/8
  3694 | D:6      | Reached skill level 5 in Fighting
  3694 | D:6      | Reached skill level 5 in Dodging
  3717 | D:5      | Entered Level 5 of the Dungeon
  3892 | D:4      | Reached XP level 7. HP: 33/33 MP: 9/9
  4225 | D:5      | Reached **** piety under Lugonu
  4361 | D:5      | Reached skill level 5 in Unarmed Combat
  4771 | D:5      | Found Emeste Gewi's Antique Armour Emporium.
  4933 | D:6      | Reached XP level 8. HP: 34/38 MP: 11/11
  4969 | D:6      | Reached skill level 5 in Stealth
  5508 | D:7      | Noticed Maggie
  5541 | Temple   | Entered the Ecumenical Temple
  5702 | D:7      | Noticed Pikel
  6223 | D:7      | Killed from afar by Maggie
  6224 | D:7      | Reached XP level 7. HP: -19/35 MP: 10/10
  6237 | D:7      | Reached ***** piety under Lugonu
  6266 | D:7      | Killed Maggie
  6266 | D:7      | Reached XP level 8. HP: 34/40 MP: 12/12
  6301 | D:7      | Noticed a hippogriff
  6308 | D:7      | Killed a hippogriff
  6444 | D:7      | Killed Pikel
  6724 | D:8      | Reached XP level 9. HP: 44/44 MP: 13/13
  7106 | D:8      | Noticed a two-headed ogre
  7125 | D:8      | Killed a two-headed ogre
  7180 | D:8      | Noticed Harold
  7195 | D:8      | Killed Harold
  7195 | D:8      | Reached XP level 10. HP: 25/49 MP: 14/14
  7385 | D:9      | Learned a level 1 spell: Summon Butterflies
  7778 | D:9      | Noticed a two-headed ogre
  8092 | D:9      | Slain by a two-headed ogre
  8093 | D:9      | Reached XP level 9. HP: -4/46 MP: 13/13
  8130 | D:9      | Reached skill level 1 in Spellcasting
  8318 | D:9      | Found a roughly hewn altar of Beogh.
  8318 | D:9      | Found a staircase to the Orcish Mines.
  8887 | D:10     | Entered Level 10 of the Dungeon
  9264 | Abyss:1  | Noticed a smoke demon
  9278 | Abyss:2  | Found a corrupted altar of Lugonu.
  9306 | Abyss:3  | Noticed a Hell Sentinel
  9351 | Abyss:3  | Noticed an apocalypse crab
  9393 | Abyss:3  | Noticed a tentacled starspawn
  9401 | D:10     | Escaped the Abyss
  9572 | Temple   | Fell from the grace of Lugonu
  9572 | Temple   | Became a worshipper of Dithmenos the Shadowed
  9733 | D:10     | Reached XP level 10. HP: 51/51 MP: 14/14
 10006 | D:11     | Noticed Fannar
 10152 | D:11     | Reached skill level 10 in Fighting
 10211 | D:11     | Noticed a five-headed hydra
 10313 | D:11     | Noticed a two-headed ogre
 10905 | D:10     | Noticed a large abomination
 10905 | D:10     | 2
 11024 | D:11     | Noticed a thrashing horror
 11024 | D:11     | Cast into level 2 of the Abyss (Lugonu's touch)
 11025 | Abyss:2  | 3
 11031 | D:11     | Escaped the Abyss
 11046 | D:11     | Killed a thrashing horror
 11108 | D:11     | Reached * piety under Dithmenos
 11308 | D:11     | Killed a two-headed ogre
 11364 | D:11     | Reached skill level 10 in Unarmed Combat
 11503 | D:11     | Noticed a large abomination
 11503 | D:11     | 5
 11503 | D:11     | Cast into level 2 of the Abyss (Lugonu's touch)
 11511 | Abyss:2  | Noticed a thrashing horror
 11519 | D:11     | Escaped the Abyss
 11599 | D:11     | Killed a large abomination
 11603 | D:11     | Killed Fannar
 11603 | D:11     | Reached skill level 10 in Dodging
 11603 | D:11     | Reached skill level 10 in Stealth
 11603 | D:11     | Reached XP level 11. HP: 55/55 MP: 16/16
 11673 | D:11     | Found a staircase to the Lair.
 11678 | D:11     | Killed a five-headed hydra
 11678 | D:11     | Reached skill level 5 in Evocations
 11905 | D:11     | Reached ** piety under Dithmenos
 12036 | D:11     | 6
 12335 | D:11     | Noticed a brown ugly thing
 12335 | D:11     | Noticed a two-headed ogre
 12336 | D:11     | Noticed a red ugly thing
 12704 | D:11     | Killed a two-headed ogre
 12831 | Lair:1   | Entered Level 1 of the Lair of Beasts
 12855 | Lair:1   | Reached *** piety under Dithmenos
 12864 | Lair:1   | Noticed an eight-headed hydra
 12866 | Lair:1   | Killed an eight-headed hydra
 13371 | Lair:1   | You fall into a shaft and drop 1 floor!
 13576 | Lair:1   | Gained mutation: Your thick and shaggy fur keeps you warm.
                  | (AC +3, rC+) [Felid growth]
 13576 | Lair:1   | Reached XP level 12. HP: 41/60 MP: 19/19
 13902 | Lair:1   | Noticed a four-headed hydra
 13902 | Lair:1   | Killed a four-headed hydra
 13903 | Lair:1   | 6
 14043 | Lair:2   | 7
 14214 | Lair:2   | Reached **** piety under Dithmenos
 14306 | Lair:2   | 7
 14353 | Lair:2   | Noticed a starcursed mass
 14353 | Lair:2   | Cast into level 2 of the Abyss (Lugonu's touch)
 14354 | Abyss:2  | 8
 14383 | Abyss:2  | Noticed a starcursed mass
 14509 | Abyss:2  | Noticed a blizzard demon
 14536 | Lair:2   | Escaped the Abyss
 14554 | Lair:2   | Noticed Erica
 14724 | Lair:2   | Killed Erica
 14742 | Lair:2   | Noticed an eight-headed hydra
 14977 | Lair:2   | Reached skill level 5 in Spellcasting
 15020 | Lair:2   | Reached ***** piety under Dithmenos
 15241 | Lair:2   | 8
 15588 | Lair:2   | 9
 15675 | Lair:2   | 10
 16146 | Lair:3   | Noticed Urug
 16199 | Lair:3   | Noticed Gastronok
 16269 | Lair:3   | Noticed a starcursed mass
 16269 | Lair:3   | 10
 16360 | Lair:3   | Found a staircase to the Shoals.
 16792 | Lair:4   | Found a transporter.
 16804 | Lair:4   | Found a transporter.
 16804 | Lair:4   | Noticed a rakshasa
 16805 | Lair:4   | Found a one-way gate to the infinite horrors of the Abyss.
 16805 | Lair:4   | Noticed Laummuim's ghost (journeyman FeFi)
 16973 | Lair:4   | Reached XP level 13. HP: 45/57 MP: 21/21
 17112 | Lair:4   | Found a hole to the Spider Nest.
 17304 | Lair:4   | Identified the +3 spear "Vaexoc" {distort, Str+4}
 17815 | Lair:5   | 11
 17815 | Lair:5   | Cast into level 3 of the Abyss (Lugonu's touch)
 17817 | Abyss:3  | Found a corrupted altar of Lugonu.
 17853 | Abyss:3  | Killed from afar by a vampire mage
 17854 | Abyss:3  | Reached XP level 12. HP: 0/54 MP: 20/20
 17873 | Lair:5   | Escaped the Abyss
 18051 | Lair:5   | 12
 18355 | Lair:5   | Killed a four-headed hydra
 18407 | Lair:5   | Identified the +8 morningstar "Neshroal" {freeze, rElec}
                  | (You found it on level 5 of the Lair of Beasts)
 18693 | Lair:5   | 12
 18845 | Lair:5   | 13
 18985 | Lair:5   | Noticed a starcursed mass
 18985 | Lair:5   | 16
 18985 | Lair:5   | Cast into level 3 of the Abyss (Lugonu's touch)
 18986 | Abyss:3  | Noticed a green very ugly thing
 18986 | Abyss:3  | Noticed a green very ugly thing
 18988 | Abyss:3  | Learned a level 1 spell: Apportation
 18988 | Abyss:3  | Noticed a green very ugly thing
 18990 | Abyss:3  | Got an abyssal rune of Zot
 19017 | Abyss:3  | 17
 19096 | Lair:5   | Escaped the Abyss
 19138 | Lair:5   | wretched, starspawn, raiju
 19202 | Lair:3   | 18
 19272 | D:11     | 19
 19841 | D:10     | 20
 20078 | Orc:1    | Entered Level 1 of the Orcish Mines
 20105 | Orc:1    | Noticed Maurice
 20114 | Orc:1    | Killed Maurice
 20399 | Orc:2    | Entered Level 2 of the Orcish Mines
 20418 | Orc:2    | Noticed an orc warlord
 20575 | D:2      | 21
 20823 | D:2      | Found a stormy altar of Qazlal.
 21353 | D:1      | Noticed a starcursed mass
 21353 | D:1      | 22 d1 star
 21517 | D:2      | Found a stormy altar of Qazlal.
 21972 | D:2      | 23 d2 wretched
 22244 | D:3      | Was forgiven by Lugonu
 22245 | D:3      | Cast into level 3 of the Abyss (Lugonu's touch)
 22261 | D:3      | Escaped the Abyss
 23577 | Orc:2    | Noticed an orc high priest
 23613 | Orc:2    | Killed an orc high priest
 23723 | Orc:2    | Noticed an orc high priest
 23740 | Orc:2    | Killed an orc high priest
 23816 | Orc:2    | Noticed an orc high priest
 24145 | Orc:2    | Found a staircase to the Elven Halls.
 24328 | Orc:2    | Killed an orc high priest
 24679 | Orc:2    | Noticed an orc high priest
 24817 | Orc:1    | Killed an orc warlord
 24817 | Orc:1    | Reached XP level 13. HP: 65/65 MP: 22/22
 24918 | Orc:2    | Gained mutation: You tend to lose your temper in combat. [a
                  | neqoxec]
 24920 | Orc:1    | Lost mutation: You tend to lose your temper in combat.
                  | [potion of mutation]
 24920 | Orc:1    | Gained mutation: Potions are less effective at restoring
                  | your health. [potion of mutation]
 24920 | Orc:1    | Gained mutation: You expend magic power (3 MP) to
                  | strengthen your wands. [potion of mutation]
 24920 | Orc:1    | Gained mutation: You are weak. (Str -2) [potion of
                  | mutation]
 24920 | Orc:1    | Gained mutation: Your mind is acute. (Int +2) [potion of
                  | mutation]
 25228 | Orc:2    | Reached ****** piety under Dithmenos
 25241 | Orc:2    | Found Yfeloc's Distillery.
 25242 | Orc:2    | Found Ocesoesete's Antique Weapon Boutique.
 25243 | Orc:2    | Found Wocot's Book Boutique.
 25243 | Orc:2    | Found Mashei Ijea's Distillery.
 25286 | Orc:2    | Bought a potion of haste for 160 gold pieces
 25286 | Orc:2    | Bought a potion of haste for 160 gold pieces
 25286 | Orc:2    | Bought a potion of curing for 48 gold pieces
 25287 | Orc:2    | Bought a potion of haste for 120 gold pieces
 25287 | Orc:2    | Bought a potion of mutation for 96 gold pieces
 25288 | Orc:2    | Bought a book of the Earth for 910 gold pieces
 25295 | Orc:2    | Learned a level 6 spell: Statue Form
 25297 | Orc:2    | Bought a potion of curing for 48 gold pieces
 25297 | Orc:2    | Bought a potion of curing for 48 gold pieces
 25297 | Orc:2    | Bought a potion of curing for 48 gold pieces
 25297 | Orc:2    | Bought 2 potions of might for 128 gold pieces
 26321 | D:12     | Reached skill level 1 in Transmutations
 26326 | D:12     | Reached skill level 1 in Earth Magic
 26750 | D:13     | Found a gate to the Vaults.
 26878 | D:13     | You fall into a shaft and drop 2 floors!
 26878 | D:15     | Entered Level 15 of the Dungeon
 26878 | D:15     | Found a bloodstained altar of Trog.
 27315 | D:14     | Reached skill level 5 in Invocations
 27364 | D:14     | You fall into a shaft and drop 1 floor!
 30336 | D:13     | Found a gate to the Vaults.
 31055 | D:13     | Found a gate to the Vaults.
 31430 | Vaults:1 | Entered Level 1 of the Vaults
 31459 | Vaults:1 | Noticed an ironheart preserver
 31459 | Vaults:1 | Noticed a deep elf annihilator
 31492 | D:13     | Killed from afar by a deep elf knight

Illustrated notes ########..................>.(.. #....................... #................>...... #....................... #....................... #....................... ########.......Xx.........[.... #.............................. #.............@T............... #...^.......####..####..####..# #..........T# #..# #..# #..# #...........# #..# #T.# #..# #...........####..####..####..# #.............................. #.............................. ################.........####.. #.........# #.. Turn 10905 on D:10: 2 #..#.. ...#. #∩..# .... # #..# .##.###..# .........# .......@.# .........# ......#..# ..#.#.#..# ..... ...# #.#.. ...# .... .... #... ..... Turn 11025 on Abyss:2: 3 # #...####### .# #...#...... .# #...####### .# #...# .# ## #...# .# #...# .# ## #...# ######.# .# #####...########......# . .............@.........# #######..(..X#.........# #)####X#)#.####..# #.# #.#.##.###..# #.....# #.#.###.##..# #.P.....# #.#.# ##.#..# .yPP.P... #.#.# ##...# .P.o..... #.#.# ##..# .lP...PP..##.#.######G.# Turn 11503 on D:11: 5 .#....................(...# ##.......................^# #......#####Q########.##### ....#....####†### ##(## ..###Y......#†..###)####### ###.....>.#.#†#...........# #.........#.#.#...........# ....#.⌠...#.#.#..x#.#.....# #...#....##.#...@......#### .#....#..##.#.#.#.#.#.## .#....#.###.#.#X#.....##### #.....#.###.#.#...........####### .#..........#.....>.............. ..P..#......#...........######### ...###..................# ##.###..................# ### #..##...................# ###.. Turn 12036 on D:11: 6 ≈≈≈≈≈≈≈≈≈≈ ≈.≈≈≈≈..... ≈.≈≈≈≈≈P... # ≈≈.≈≈≈≈≈≈P.. #! ..≈≈≈≈≈≈≈.. #.###### ...≈≈≈≈≈≈.. #≈...≈.# ≈..P≈≈≈≈≈≈. #≈P≈.≈≈# ≈..P≈≈≈≈≈. #P≈≈≈X≈# #.P≈≈≈≈≈≈ #≈PX.@P# .≈P.≈≈≈≈≈ #≈≈P.P.+ #≈P.P≈≈≈≈ ######## ####≈≈≈≈ ##### Turn 13903 on Lair:1: 6 ..,#....P...#,,,,,,,,,,,,* #*..........#....#....P.** ,...........P......[....** ,.......#.#.............,* **,,,,,,,........#......** *,,,,,,,,........F......* ,,,,,,,,*.t.............* ,,,,,,,,,.....X..r......* ,,,,,,,,,,*,,,,#@.......* ,,,,,,,,,,,,,,,#........* ,,,*,,,,*,,,,*,...x...[.* ,,,,,,,,,,,,*,...#......* ,,,,,,>,,,,,*#...#......** ,,,,,*,,,,,,,....P......,* ,,,,,##.................,* ,,,*,#P.................,* ,,,,.....................* Turn 14043 on Lair:2: 7 ############# ## ##@†..##.....#####. #...x.............. ##X.#.†............# #...††††..........†. ##..#...†........... #..............#.(.. #...#...P......#.... #.......##.......... *##....#....P........ Turn 14306 on Lair:2: 7 # .)##### ##.....#####.#. ..$............ .......@....... ............... ............... ...(....#...... ........#...... ............... ......... ..... .#....... #.... Turn 14354 on Abyss:2: 8 *,,,,,,,,,,,*,,,,,,,,.......... *,,*,.....#.......#............ **,,*,.....#.P.....#............ *,,,*,.......................... *,,,,,.......................... *,,,,,...........P.............. **,,,,.......≈.....$..........#. *,,,,,.......≈≈.?...........#.P. **,,,,.........@≈..........##... *,,,,.....$.*.........P...##... *,,,,.......#.....#........#... *,,,,.....#.................... *,,,,.......#.................. *,,,,.$#P...P.................. **,,,,.,.P.......P.............. *,,,,,,.P..#...P.#.............. **,,,,,,......X................. Turn 15241 on Lair:2: 8 ........#....#........# .............#........# .#....#....#........[.# .P........#....#......# .PP.>.....##...#......## ...#P..........P.......# ...##.........X........# .#.#P.................P# .P..............@......# ......................## .#................X...# .................#....# ........#......#.#....# ........#......#..#...# ..........#....#......## ........#.#......#....P# .#.P......##...#.......# Turn 15588 on Lair:2: 9 .......#....#....P.## .......P......[....## ...#.#..............# ............#......## ...P...............# ...#...............# ...............X...# .....#....#........# ..........#....x@..# ...#....#........[.# .......#....#......# .>.....##...#......## #P..........P.......# ##..................# #P.................P# ....................# ...................## Turn 15675 on Lair:2: 10

,,,,**,*,***,,,,*,,*****,,,,*,,*,
,,,,**,,,,.+,..#...,,,,*,,,******
,,,***,,,,#.,,.#........k,,**,,,,
,,,,**,,,,#..,.#.........,,******
,,,**,,,,,#..,#.^#..8.8.#*,,*,,8,
,,,***,,,,*#..#..#.......*,,,,,,,
,,,,*,,,,,*#..+X.#...<...,,,+,,>,
,,,,**,*+**#.....#.......*,,*,,,,
,,,,,,,,,,,,,,#.@#..8.8..*,,**,8,
,,,,,,,,,,,,,,#..........,,,**,,*
,,,,,,,,.......#......$..,,,,,,,,
,,,,,,,,................#,,,,,,,,
,,,,*,**.##........##.#..,,,,,,,,
,,,,,*****##....##...,...,*,,,,,,
,,,,****,*#.....,,#...,.#*,,,,***
,,,,***,,*##....,,*#.+#*#,,,,,***
,,,,**,,,,*#....,,,,..,**,,,,,,,,


Turn 16269 on Lair:3: 10 #P........# ###.........# #P.......^.### #P.........P.#
#............P.. ##............?.. #................ ......X..........
#....*.@......... ................ .............>. .......P.......
.P##.P##P.#..#. .. ### #.#### ## Turn 17815 on Lair:5: 11
................................. ............................)....
................................. .....................^.....P.....
......>...................###.... P.......##...#............# ...#
#..#..#.##...#............# ..# ##.###### ####...........# ## ### #..@*.......##
#............# #P............# ##..........### ##.........# ########### Turn
18051 on Lair:5: 12 ###...P....#.#....# ..................# ..........#.......#
........####.....## ........###......# ......###....##..# ##...###...####..##
###...#.#.#..##...# #..###...####.@## ##....####...x%# # #.....# #....X# #
#P....###.....#.# #.............### ###..#......#.. #P...)...##### ##..###..####
###.#..##....P### Turn 18693 on Lair:5: 12 .........P[......................
................................. .............................#...
......P##..†..................... .P...#####.P.......P........#.... ......#
##..X..#######....###... .......# ##...x.## ##....###PP ...#..... #......##
###### ### .....P... #....@..# ..P####.. ##......# ..## #.......# ..P. #......##
....# ...#..... ...## #.........# .... ##......... ...# ##...P..... ...## Turn
18845 on Lair:5: 13 ........##.......#...............
.........#.#...###..#............ ...).........8.# ##............P#
........#...+#.#####?.....P...### #....P##.......#.....#.........##
#....##........#....#...........# #######.....P.X#..x.##).....#....
##...P.P.....###.........P.. ##....#.##..@## #......P####. ##....#.##....#
##.....## #. #.#....#....### ........ #.# ##....P.....# ........###
##P<.......### .......## #PY...#...## #........ ##.Y......## #.......#
#P..Y.....# ##.......## ##.........# ##.........# Turn 18985 on Lair:5: 16 #####
#.#.§x# #.§§@# .....#X.# .#. #.§.# #....# #...#. .... . .#... . ...... .. Turn
19017 on Abyss:3: 17 ##........### ###P........ #.#........# #.P.........
.#.........# #.........## #..........## ##...##...### ............#
####...####...#. ............### #......# #..### ..............####......#
##.... ..............#....<..#..# #..... ##..............@...###### #P....
.##................## #..... ..##...............# ###..# ...#......#........#
#P... #..#.....#......##.# ##..## ...*#....#l......### ####.#..#
.8.<#.....#......## #.##....P #.[.#.(..#......... ######.......
#............#.....##.#.#........ Turn 19138 on Lair:5: wretched, starspawn,
raiju P.....#####.####.)..########....P ......#..##.........##.###..≈#..P
........................##.≈.#... ........................#..≈##...
...<..........<........##.≈≈#.... ..................##..##.#≈##....
...................##.##.>≈#....# .......#..#..P.........#.#≈##[..#
#....#.#####....@......##.≈≈#...# ##....##*###..Px%x......#..≈##..k
.....P#*,.......%P%.....##.≈.#..P .....##*.........%.......#..≈#..#
#....#*#.#.P.#...........###....# #....##...t..#.......#..#.##....#
.......#.#+..#....P..#..#.##..... ...................F...).........
.............,........[.......... Turn 19202 on Lair:3: 18
#.........P......[........#.#.#.. .................................
.......####...............#.#.#.. .......# ###.....P.............. ###....#
####................. #....####### ##.........>......
#....##....####................ ###...(.............####.####....
........#.#...x.@.(.# #.# #.... #######......#..x#### #.# ##### #.#.#..#...# #.#
# #.....##...############## # #### ########...##...........### #..#
#####......#########.... ...#######..........# #.# #.... .#.....?.#####....[.#
#.# #.... ########.# #...#### #.# ##### Turn 19272 on D:11: 19
################.........####.. #..............................
#.............................. #........####..#####..######### #........# #..#
#..# #........# #..# #..# #........####..#####..#########
#...............X.............. #.............@.*..............
#..............####..####..#### #..............# #..# #..# #..............# #..#
#..# #..............# #..# #..# #..............# #..# #..# #..............# #..#
#..# #..............# #..# #..# #..............# #..# #..# Turn 19841 on D:10:
20 #####..##.#.##............# ................###.#.##..#######
.......##.#.##..###.#.##......... ..............................###
#...#..##.............##..###.# #...#..##...##...##...##..###.##
#...#..##...##.X.##...#.÷......# #.............X................#
................@......)...##..# ...............>#............<.#
###.............###...#...#.#### ##....####....................### ##....##
#.#....###.............. ...^.≈.###.#.##.# #.#.....#######
^^..##^....#.##.###.#.##..# # ^...##..............#.##.## #
...≈#§.......#....#.#.##.# # Turn 20575 on D:2: 21 ,,,,,,,,,(*,(,,,⌠*,*⌠.....#.#
* ,,,,,,,**(#.,*****.#####..#.# * ,,,,,,,**....,,,,,<.........# *
,,,,,,,***#..#*###.#####..#.# * ,,,,,,,* #...,.⌠#.#⌠.....#.##### ,,,,,,,*
#...##.#.#.##...#....). ,,,,,,[** #....#.#.#.#....#..8... ,,,,,,,,*
#......#.#......#.##### ,,,,,,,,* #.....@#.#......#.#*,,, **,,,,,,*
##.....#.#.....##.##### *,,,,,,* #.#.X.........#.#>....' *,,,,,,*
#..#.........#..####### *,,,,,,**##*#####'######## * *********,,,,,*#.........*
***** *,,,,,*#.........***,,,, *,,,,,*#.........,,,,,,, *,,,,,*#.........,,,,,,,
Turn 21353 on D:1: 22 d1 star #####..........#..###.#... #......>..............
#.........##.......... #..............##.#.#. #..............##'#.#.
#####'#+#...........#. #####....###..#.....#. #...#....##...........
#...#@...##.........#. #...#....'............ #...#..*.##...#.......
#...#.......<.#.#####. #...#.........#+#####. #...#.................
#.........#........... #..................... #..................... Turn 21972
on D:2: 23 d2 wretched

Levels and vault maps discovered:
D:1:      matt_arrival_grand_opening, layout_basic,
          chequers_serial_rivers_room_a, chequers_decorated_corner,
          nrook_campfire
D:2:      layout_basic, grunt_qazlal_sundering
D:3:      layout_loops_ring, first_ration, minmay_bisected
D:4:      layout_cave_pools
D:5:      layout_rooms, serial_shops, kennysheep_mini
D:6:      layout_loops_corners, minivault_27, minmay_misc_feat_secret_circle
D:7:      layout_gridville, minmay_temple_entry_butterflies, the_bakery,
          uniq_maggie, uniq_pikel
D:8:      layout_gridville, uniq_harold
D:9:      layout_basic, david_orc_5
D:10:     layout_small_grid
D:11:     regret_index_wax_grids, layout_long_grid,
          grunt_lair_entry_orc_guard_hut, serial_co_window_serial,
          co_window_of_opportunity_a, co_window_paths_b, co_window_cross_1,
          co_window_cross_1, co_window_paths_b, co_window_paths_a,
          co_window_corner_a, co_window_broadway_a, glass_columns_b,
          glass_columns_a, glass_columns_c, glass_columns_a, glass_columns_b,
          minmay_between, uniq_fannar
D:12:     layout_loops_ring
D:13:     layout_roguey, erik_vaults_2
D:14:     layout_irregular_city
D:15:     grunt_enter_depths_hoard, layout_basic, serial_park_square3
          [serial_park_minivault_5x5_7], trog_ov_bears_minmay, uniq_roxanne
Temple:   kilobyte_greek_temple
Lair:1:   cheibrodos_lair_river_kwai, layout_layer_cave, grunt_megastairs_1
Lair:2:   wad_woods_minihive, layout_long_grid, chequers_serial_rivers_micro_c,
          uniq_erica
Lair:3:   layout_regular_city, elwin_shoals_entry_stream, grunt_megastairs_2,
          lemuel_fruit_tree, uniq_urug, uniq_gastronok
Lair:4:   layout_regular_city, spider_nest_entry_web_field,
          gammafunk_ghost_abyssal_escape, bobbens_ice_dragon_lair,
          serial_bayou_shore_b, infiniplex_staircase_pool
Lair:5:   layout_hall_layers, minivault_24, grunt_megastairs_5,
          serial_bayou_shore_b
Orc:1:    layout_caves, uniq_maurice
Orc:2:    st_orc_mages, layout_caves
Vaults:1: v_rooms_5, nicolae_vaults_little_squares_3, hangedman_vaults_nails,
          st_star, vaults_room_hallway, grunt_vaults_swirl,
          vaults_room_grunt_arrival_checkpoint, nicolae_vaults_little_squares_1,
          hangedman_vaults_slice, nicolae_vaults_three_branches, v_misc_17,
          nicolae_vaults_little_squares_1, ontoclasm_vaults_decontamination,
          layout_vaults_ring, serial_shops, bzr_entry_road

Skill      XL: |  1  2  3  4  5  6  7  8  9 10 11 12 13 |
---------------+----------------------------------------+-----
Stealth        | 1 2 3 6 7 9 10 12 | 12.5
Dodging        | 4 5 6 7 8 10 12 | 12.4
Unarmed Combat | 3 4 5 7 8 10 11 12 13 | 13.0
Fighting       | 4 5 7 9 10 11 12 13 | 13.0
Evocations     | 1 2 4 5 8 |  8.1
Spellcasting   | 1 3 4 5 6 |  6.9
Invocations    | 4 6 |  6.0
Transmutations | 4 |  4.3
Earth Magic    | 3 |  3.6

Action                   |  1- 3 |  4- 6 |  7- 9 | 10-12 | 13-15 || total
-------------------------+-------+-------+-------+-------+-------++-------
Melee: Unarmed           |   140 |   217 |   508 |  1576 |   566 ||  3007
       Bite              |    11 |    33 |    56 |   177 |    61 ||   338
       Punch             |     1 |     2 |    19 |    89 |    35 ||   146
Invok: Depart the Abyss  |       |       |     1 |       |       ||     1
       Enter the Abyss   |       |       |     1 |       |       ||     1
Evoke: Wand              |       |       |     3 |    53 |       ||    56
       Box of beasts     |       |       |       |     1 |       ||     1
       Lightning rod     |       |       |       |     4 |       ||     4
       Phial of floods   |       |       |       |     1 |     1 ||     2
  Use: Scroll            |       |     6 |     3 |    27 |     5 ||    41
       Potion            |       |     5 |       |    19 |     1 ||    25
 Stab: Sleeping          |     7 |     5 |    21 |    45 |    31 ||   109
       Distracted        |     1 |     2 |     6 |    12 |    12 ||    33
       Confused          |       |       |       |     3 |       ||     3
       Invisible         |       |       |       |     8 |       ||     8
       Paralysed         |       |       |       |     3 |       ||     3
  Eat: Chunk             |     9 |    10 |    19 |    34 |    13 ||    85
Armor: Skin              |    13 |    36 |    44 |    95 |    19 ||   207
Dodge: Dodged            |   103 |   171 |   406 |  1917 |   353 ||  2950
